 Dungeon Crawl Stone Soup version 0.27-a0-998-g4cfe56dd59 (webtiles) character file.

Game seed: 8500944291147290247

142 karrick the Magician (level 5, -5/35 HPs)
             Began as a Djinni Fire Elementalist on Apr 17, 2021.
             Killed from afar by an orc wizard (8 damage)
             ... with a magic dart
             ... on level 3 of the Dungeon.
             The game lasted 00:03:40 (2712 turns).

karrick the Magician (Djinni Fire Elementalist)     Turns: 2712, Time: 00:03:40

Health: -5/35      AC:  3    Str:  8    XL:     5   Next: 25%
Gold:   98         EV: 12    Int: 17    God:
                   SH:  0    Dex: 13

rFire    + + .     SeeInvis .   b - +0 dagger
rCold    x . .     Faith    .   (no shield)
rNeg     . . .     Spirit   .   a - +0 robe
rPois    ∞         Reflect  .   (no helmet)
rElec    .         Harm     .   k - +0 cloak
rCorr    .         Rampage  .   (no gloves)
Will     .....                  (boots unavailable)
Stlth    ++........             (no amulet)
HPRegen  0.11/turn              (no ring)
MPRegen  0.00/turn              (no ring)

@: flying
A: fire resistance 2, cold vulnerability 1, float, innate caster, hp casting,
extra vitality 1
a: no special abilities


You were on level 3 of the Dungeon.
You visited 1 branch of the dungeon, and saw 3 of its levels.

You collected 98 gold pieces.

Inventory:

Hand Weapons
 b - a +0 dagger (weapon)
Armour
 a - a +0 robe (worn)
 k - a +0 cloak (worn)
Wands
 l - a wand of acid (10)
Scrolls
 g - a scroll of noise {unknown}
 h - 3 scrolls of identify {unknown}
 j - a scroll of amnesia {unknown}
Potions
 c - 3 potions of haste {unknown}
 d - 2 potions of cancellation {unknown}
 e - a potion of mutation {unknown}
 f - a potion of magic {unknown}
 i - a potion of attraction {unknown}


   Skills:
 + Level 2.7 Dodging
 + Level 2.3 Stealth
 + Level 4.4 Spellcasting


You couldn't memorise any spells.
You knew the following spells:

 Your Spells              Type           Power      Damage    Failure   Level
a - Foxfire               Conj/Fire      72%        2x1d7     2%          1
b - Conjure Flame         Conj/Fire      18%        6-21      8%          3
c - Inner Flame           Hex/Fire       18%        N/A       8%          3
d - Sticky Flame          Conj/Fire      18%        2d4       24%         4
e - Fireball              Conj/Fire      9%         3d6       56%         5
f - Magic Dart            Conj           72%        1d6       2%          1
g - Call Imp              Summ           18%        N/A       3%          2
Your spell library was empty.

Dungeon Overview and Level Annotations

Branches:
Dungeon (3/15)

Altars:
Xom
The Shining One

Shops:
D:1 *


Innate Abilities, Weirdness & Mutations

You are immune to poison.
Your flesh is very heat resistant. (rF++)
You are vulnerable to cold. (rC-)
You float through the air rather than walking.
You learn spells naturally, not from books.
Your magical power is your life essence.
You have superior vitality. (+4 HP)


Message History

The foxfire hits the orc priest.
The orc priest is lightly wounded.
Your foxfire dissipates!
Casting: Foxfire (safe; 2% risk of failure)
Confirm with . or Enter, or press ? or * to list all spells.
You conjure some foxfire!
* * * LOW HITPOINT WARNING * * *
The foxfire hits the orc.
You kill the orc!
The foxfire hits the orc priest.
The orc priest is heavily wounded.
An orc comes into view. It is wielding a +0 hand axe.
Casting: Foxfire (safe; 2% risk of failure)
Confirm with . or Enter, or press ? or * to list all spells.
You conjure some foxfire!
The orc shouts!
* * * LOW HITPOINT WARNING * * *
You hear a shout!
The foxfire hits the orc priest.
The orc priest is severely wounded.
The foxfire hits the orc priest.
The orc priest is almost dead.
An orc wizard comes into view. It is wielding a +0 dagger of pain.
Casting: Foxfire (safe; 2% risk of failure)
Confirm with . or Enter, or press ? or * to list all spells.
You conjure some foxfire!
* * * LOW HITPOINT WARNING * * *
The foxfire hits the orc priest!
You kill the orc priest!
The foxfire hits the orc.
The orc is moderately wounded.
A frilled lizard comes into view.
You have reached level 5!
The power to cast Call Imp wells up from within.
Spell assigned to 'g'.
The foxfire hits the orc.
You kill the orc!
The orc wizard points at you and mumbles some strange words.
The magic dart hits you!
You die...

.... .## #. .... ...
.... .... #### #..
o.##. ....
....###.###o.... ....
...........v...l .#..
..........)§..#
........)).§..##
......>@§§§.....
####...$.§....... .
####§####....... .
#..##.......(.
###.###.#..........
#....##..............
#....#...............
#....................
#.##....#..........#.


You could see an orc wizard (ally target) and an orc.

Vanquished Creatures
  An orc priest (D:3)
  A killer bee zombie (D:3)
  3 adders
  A worm (D:3)
  A dart slug (D:3)
  4 orcs
  5 ball pythons
  6 endoplasms
  4 giant cockroaches
  4 goblins
  2 hobgoblins (D:1)
  7 jackals (D:1)
  2 quokkas
  4 bats
  3 frilled lizards
  6 kobolds
  3 rats
57 creatures vanquished.

Vanquished Creatures (others)
  147 foxfires
147 creatures vanquished.

Grand Total: 204 creatures vanquished

Notes
Turn   | Place    | Note
-------+----------+-------------------------------------------
     0 | D:1      | karrick the Djinni Fire Elementalist began the quest for
                  | the Orb.
     0 | D:1      | Reached XP level 1. HP: 15/15 MP: 0/0
   152 | D:1      | Reached skill level 3 in Spellcasting
   193 | D:1      | Reached XP level 2. HP: 20/21 MP: 0/0
   623 | D:1      | Reached XP level 3. HP: 12/25 MP: 0/0
   623 | D:1      | Learned a level 1 spell: Magic Dart
  1071 | D:1      | Found Qoacam's General Store.
  1471 | D:2      | Found a faded altar of an unknown god.
  1644 | D:2      | Found a shimmering altar of Xom.
  1985 | D:3      | Found a glowing golden altar of the Shining One.
  2005 | D:3      | Reached XP level 4. HP: 14/31 MP: 0/0
  2165 | D:3      | Reached skill level 4 in Spellcasting
  2712 | D:3      | Reached XP level 5. HP: 3/35 MP: 0/0
  2712 | D:3      | Learned a level 2 spell: Call Imp
  2712 | D:3      | Killed from afar by an orc wizard

Illustrated notes

Levels and vault maps discovered:
D:1:      amcnicky_arrival_flooded_fountain, layout_basic, serial_shops,
          nicolae_shop_crystal
D:2:      layout_basic, basic_altar, shapermc_ecumenical_altar_venn
D:3:      layout_rooms, lemuel_crystal_altar, serial_shops, shop_fountains,
          st_stairs_7, minmay_close_crescents

Skill      XL: |  1  2  3  4 |
---------------+-------------+-----
Spellcasting   | 3 4 |  4.4
Stealth        | 2 |  2.3
Dodging        | |  2.7

Action                   |  1- 3 |  4- 6 || total
-------------------------+-------+-------++-------
Melee: Dagger            |     6 |       ||     6
 Cast: Foxfire           |    60 |    32 ||    92
 Stab: Sleeping          |     1 |       ||     1
Armor: Robe              |     7 |       ||     7
Dodge: Dodged            |    22 |    10 ||    32

Table legend: (Time is in decaauts)
 A = Elapsed time spent in this place.
 B = Non-inter-level travel time spent in this place.
 C = Inter-level travel time spent in this place.
 D = Time resting spent in this place.
 E = Time spent auto-exploring this place.
 F = Levels seen in this place.
 G = Mean time per level.
                   A        B        C        D        E       F      G
               +--------+--------+--------+--------+--------+-----+--------+
         Total |   2710 |   2639 |     71 |     48 |   2307 |   3 |  903.3 |
       Dungeon |   2710 |   2639 |     71 |     48 |   2307 |   3 |  903.3 |
               +--------+--------+--------+--------+--------+-----+--------+

Top non-repeatable levels by time:
     D:1: 1155 daAuts
     D:3: 784 daAuts
     D:2: 770 daAuts
